 Dungeon Crawl Stone Soup version 0.28.0-53-g5a82cb258f (webtiles) character file.

Game seed: 5841231674987661409

2503 tizbic2 the Magician (level 9, -2/62 HPs)
             Began as a Demigod Conjurer on July 17, 2022.
             Slain by a vampire (4 damage)
             ... on level 6 of the Dungeon.
             The game lasted 00:43:42 (5831 turns).

tizbic2 the Magician (Demigod Conjurer)             Turns: 5831, Time: 00:43:42

Health: -2/62      AC: 11    Str: 12    XL:     9   Next: 7%
Magic:  10/22      EV: 11    Int: 28    God:
Gold:   71         SH:  8    Dex: 12    Spells: 4/21 levels left

rFire   . . .      SeeInvis .   a - +2 dagger (speed)
rCold   . . .      Faith    .   q - +3 buckler
rNeg    . . .      Spirit   .   H - +2 robe {Will+}
rPois   .          Reflect  .   (no helmet)
rElec   .          Harm     .   F - +2 cloak
rCorr   .          Rampage  .   A - +0 pair of gloves
Will    +....                   o - +2 pair of boots
Stlth   ++........              c - amulet of regeneration
HPRegen 1.00/turn               (no ring)
MPRegen 0.18/turn               (no ring)

@: mighty, about to teleport
A: high MP 1, forlorn, divine attributes
a: no special abilities


You were on level 6 of the Dungeon.
You visited 1 branch of the dungeon, and saw 6 of its levels.
You also visited: Sewer.

You collected 423 gold pieces.
You spent 352 gold pieces at shops.

Inventory:

Hand Weapons
 a - a +2 dagger of speed (weapon)
 w - a +3 vampiric dagger
 y - a +3 flail of venom
Missiles
 e - 3 boomerangs
 x - 4 poisoned darts
Armour
 o - a +2 pair of boots (worn)
 q - a +3 buckler (worn)
 A - a +0 pair of gloves (worn)
 F - a +2 cloak (worn)
 H - a +2 robe of willpower (worn)
Jewellery
 c - an amulet of regeneration (around neck)
 k - an amulet of guardian spirit
 r - a ring of fire
 B - a ring of fire
Wands
 j - a wand of polymorph (18)
 p - a wand of iceblast (21)
Scrolls
 b - 5 scrolls of amnesia
 i - 2 scrolls of magic mapping {unknown}
 l - 2 scrolls of teleportation
 n - 2 scrolls of fear
 u - 2 scrolls of silence
 D - a scroll of torment {unknown}
Potions
 f - 4 potions of lignification {unknown}
 g - 3 potions of mutation {unknown}
 h - a potion of magic {unknown}
 t - 3 potions of curing {unknown}
 C - 2 potions of cancellation {unknown}
 E - a potion of berserk rage {unknown}
 G - a potion of resistance {unknown}


   Skills:
 * Level 2.3 Short Blades
 + Level 4.2 Armour
 - Level 1.8 Dodging
 - Level 1.8 Stealth
 - Level 5.8 Shields
 - Level 6.5 Spellcasting
 - Level 6.0 Conjurations


You had 4 spell levels left.
You knew the following spells:

 Your Spells              Type           Power      Damage    Failure   Level
a - Magic Dart            Conj           100%       1d8       1%          1
b - Iskenderun's Mystic   Conj/Tloc      26%        2d7       22%         4
c - Dazzling Flash        Conj/Hex       52%        N/A       6%          3
d - Ozocubu's Armour      Ice            9%         N/A       22%         3
e - Searing Ray           Conj           84%        2d7       1%          2
f - Sticky Flame          Conj/Fire      26%        2d5       22%         4

Your spell library contained the following spells:

 Spells                   Type           Power      Damage    Failure   Level
 Static Discharge         Conj/Air       26%        N/A       3%          2
 Fulminant Prism          Conj/Hex       13%        3d9       22%         4
 Dispel Undead            Necr           9%         3d8       58%         4
 Ozocubu's Refrigeration  Ice            4%         4d5       100%        7


Dungeon Overview and Level Annotations

Branches:
Dungeon (6/15)              Sewer (visited)
 Temple: D:4-7

Shops:
D:5 **(   D:6 (*(


Innate Abilities, Weirdness & Mutations

You have an increased reservoir of magic. (+10% MP)
You shall have no god before yourself.
Your divine heritage dramatically boosts your attributes as you level up.


Message History

Casting: Searing Ray (safe; 1% risk of failure)
Confirm with . or Enter, or press ? or * to list all spells.
Aiming: Searing Ray (safe; 1% risk of failure)
Press: ? - help, Shift-Dir - straight line (Press . to maintain the ray.)
You block something's attack. Something bites you but does no damage.
The searing ray hits something but does no damage.
Something draws life force from you! Something hits you!
Something bites you but does no damage.
You finish channelling your searing ray.
Something hits you but does no damage. Something bites you.
* * * LOW HITPOINT WARNING * * *
Something draws strength from your injuries!
You feel very mighty all of a sudden. Something hits you but does no damage.
Something bites you but does no damage.
You feel the dreadful sensation subside.
Your hands tingle!
a - a +2 dagger of speed (weapon)
You miss something. Something hits you but does no damage. Something bites you.
* * * LOW HITPOINT WARNING * * *
Something draws strength from your injuries!
You hit something. You hit something. Something hits you but does no damage.
Something bites you but does no damage.
You closely miss something. Something draws life force from you!
* * * LOW HITPOINT WARNING * * *
You hit something.
You can't see any enemies this would affect, really read the scroll of fear?
As you read the scroll of fear, it crumbles to dust.
You assume a fearsome visage.
Nothing appears to happen.
Something hits you but does no damage. Something bites you.
* * * LOW HITPOINT WARNING * * *
Something draws strength from your injuries!
Okay, then.
Okay, then.
As you read the scroll of teleportation, it crumbles to dust.
You feel strangely unstable. Something hits you.
* * * LOW HITPOINT WARNING * * *
Something bites you.
You die...

#### #### #...♣...# ###
#..♣.♣..#############.##
#.♣...♣.#..............##
##♣..∩..♣#.#########.....####
#####..♣...♣.#.#####.............
........♣.♣....#@....###.....####
.........♣......{##### ##...## #
#####...######...# ##.## # #
#..## #...# #.# # #
#..#######...#########.# # ###
#.......)..............# # ..#
#..########..####.######
#.###..### #..# #.# #.##.....#
#..####.##### #####


There were no monsters in sight!

Vanquished Creatures
  Pikel (D:5)
  Eustachio (D:6)
  2 water moccasins
  An ice beast (D:4)
  Pargi (Sewer)
  An orc warrior (D:6)
  3 ogres
  A phantom (D:4)
  A centaur (D:3)
  Blork the orc (D:4)
  2 scorpions
  A wyvern skeleton (D:5)
  A water moccasin zombie (D:6)
  A howler monkey (D:6)
  2 hounds (D:5)
  2 jellies
  A centaur skeleton (D:5)
  2 orc priests
  A bullfrog skeleton (D:6)
  Jessica (D:3)
  2 iguanas
  An orc wizard (D:3)
  A scorpion zombie (D:5)
  A hound zombie (D:5)
  A hound skeleton (D:4)
  11 gnolls
  6 adders
  3 river rats
  A worm (D:4)
  3 dart slugs
  18 orcs
  8 endoplasms
  A giant cockroach (D:4)
  10 goblins
  9 hobgoblins
  8 jackals
  8 kobolds
  7 quokkas
  7 ball pythons
  5 bats
  6 frilled lizards
  7 rats
151 creatures vanquished.

Vanquished Creatures (others)
  A plant (D:5)
1 creature vanquished.

Grand Total: 152 creatures vanquished

Notes
Turn   | Place    | Note
-------+----------+-------------------------------------------
     0 | D:1      | tizbic2 the Demigod Conjurer began the quest for the Orb.
     0 | D:1      | Reached XP level 1. HP: 14/14 MP: 5/5
   173 | D:1      | Reached XP level 2. HP: 20/20 MP: 0/7
   677 | D:2      | Reached XP level 3. HP: 26/26 MP: 1/9
  1008 | D:2      | Reached XP level 4. HP: 33/33 MP: 8/11
  1103 | D:2      | Learned a level 4 spell: Iskenderun's Mystic Blast
  1957 | D:3      | Noticed a centaur
  1970 | D:3      | Killed a centaur
  1971 | D:3      | Reached skill level 1 in Shields
  1971 | D:3      | Reached XP level 5. HP: 18/38 MP: 6/13
  2013 | D:3      | Reached skill level 1 in Armour
  2186 | D:3      | Noticed Jessica
  2192 | D:3      | Killed Jessica
  2322 | D:3      | Reached XP level 6. HP: 45/45 MP: 7/15
  2904 | D:4      | Found a glowing drain.
  2931 | Sewer    | Entered a sewer
  2947 | Sewer    | Noticed Pargi
  2959 | Sewer    | Killed Pargi
  3096 | D:4      | Noticed a water moccasin
  3111 | D:4      | Killed a water moccasin
  3112 | D:4      | Reached skill level 5 in Conjurations
  3112 | D:4      | Reached XP level 7. HP: 48/50 MP: 7/17
  3734 | D:4      | Reached skill level 5 in Spellcasting
  3967 | D:5      | Entered Level 5 of the Dungeon
  3967 | D:5      | Found Zurebieq's General Store.
  4007 | D:5      | Found Sugevic's Antique Weapon Emporium.
  4088 | D:5      | Found Kaig's Specific Store.
  4108 | D:5      | Noticed Blork the orc
  4141 | D:4      | Killed Blork the orc
  4142 | D:4      | Reached XP level 8. HP: 50/57 MP: 13/19
  4588 | D:5      | Reached skill level 5 in Shields
  4714 | D:5      | Learned a level 3 spell: Dazzling Flash
  4882 | D:6      | Noticed Eustachio
  4882 | D:6      | Noticed Pikel
  4932 | D:5      | Killed Pikel
  4953 | D:6      | Killed Eustachio
  5014 | D:6      | Found Enecunko's General Store.
  5018 | D:6      | Bought a +2 robe of willpower for 247 gold pieces
  5018 | D:6      | Bought a scroll of enchant weapon for 105 gold pieces
  5156 | D:6      | Reached skill level 1 in Short Blades
  5217 | D:6      | Reached XP level 9. HP: 62/62 MP: 12/22
  5301 | D:6      | Learned a level 3 spell: Ozocubu's Armour
  5348 | D:6      | Found Caxuuze's Weapon Shoppe.
  5387 | D:5      | Learned a level 2 spell: Searing Ray
  5459 | D:6      | Found Pimic's Antique Weapon Boutique.
  5515 | D:6      | Learned a level 4 spell: Sticky Flame
  5828 | D:6      | HP: 2/62 [something (13)]
  5831 | D:6      | Slain by a vampire

Illustrated notes

Levels and vault maps discovered:
D:1:      dpeg_arrival_pits, layout_rooms, minmay_misc_feat_cross,
          lemuel_another_geyser
D:2:      minmay_spotlight, layout_basic
D:3:      layout_loops_ring, mainiacjoe_overflow_catwalk,
          kennysheep_generic_room_13, uniq_jessica
D:4:      minmay_wonky_spiral, layout_basic, mainiacjoe_overflow_alcove_3,
          portal_sewer_entry_b, grunt_ministairs_12
D:5:      layout_basic, serial_shops, nicolae_shop_overgrown_old_shop,
          nicolae_specific_store, uniq_blork_the_orc
D:6:      layout_loops_ring, serial_shops, kennysheep_mini_moat,
          kennysheep_mini, nicolae_diamond_shop, shop, uniq_eustachio,
          uniq_pikel

Skill      XL: |  1  2  3  4  5  6  7  8  9 |
---------------+----------------------------+-----
Spellcasting   | 2 3 4 5 6 |  6.5
Conjurations   | 4 5 6 |  6.0
Shields        | 1 2 3 4 5 |  5.8
Armour         | 1 2 4 |  4.2
Short Blades   | 1 2 |  2.3
Dodging        | |  1.8
Stealth        | |  1.8

Action                   |  1- 3 |  4- 6 |  7- 9 || total
-------------------------+-------+-------+-------++-------
Melee: Club              |     3 |       |       ||     3
       Dagger            |    17 |    72 |   279 ||   368
       Flail             |       |       |    27 ||    27
 Cast: Magic Dart        |    76 |   162 |   146 ||   384
       Iskenderun's Myst |       |       |     6 ||     6
       Searing Ray       |       |       |     6 ||     6
       Ozocubu's Armour  |       |       |     2 ||     2
  Use: Scroll            |     1 |     2 |    14 ||    17
       Potion            |       |       |     3 ||     3
 Stab: Sleeping          |       |       |     1 ||     1
Armor: Robe              |     1 |     3 |    16 ||    20
       Ring mail         |       |    74 |   104 ||   178
Dodge: Dodged            |    26 |    77 |   152 ||   255
Block: Buckler           |       |    28 |   126 ||   154
